 Dungeon Crawl Stone Soup version 0.32-a0-519-g08f29ac1c3 (webtiles) character file.

Game seed: 13673986031079913931

42 XTM the Slasher (level 3, 0/28 HPs)
             Began as a Coglin Warper on Feb 28, 2024.
             Slain by an adder (3 damage)
             ... on level 2 of the Dungeon.
             The game lasted 00:01:14 (1048 turns).

XTM the Slasher (Coglin Warper)                     Turns: 1048, Time: 00:01:15

Health: 0/28       AC:  5    Str: 11    XL:     3   Next: 56%
Magic:  5/5        EV: 10    Int: 12    God:
Gold:   80         SH:  0    Dex: 15    Spells: 5/5 levels left

rFire   . . .        a - +0 falchion {Udom}
rCold   . . .        (no shield)
rNeg    . . .        e - +0 ring mail
rPois   .            (no helmet)
rElec   .            (no cloak)
rCorr   .            (no gloves)
SInv    .            (no boots)
Will    .....        (no amulet)
Stlth   +            (ring unavailable)
HPRegen 0.24/turn    (ring unavailable)
MPRegen 0.09/turn

%: no passive effects
@: revved
A: off-hand wielding, slow wielding, warmup strikes, no rings
a: no special abilities


You were on level 2 of the Dungeon.
You visited 1 branch of the dungeon, and saw 2 of its levels.

You collected 80 gold pieces.

Inventory:

Hand Weapons
 a - a +0 falchion (weapon) {Udom}
Missiles
 d - 7 darts of dispersal (quivered)
 k - 6 curare-tipped darts
Armour
 e - a +0 ring mail (worn)
Scrolls
 c - 2 scrolls of blinking {@r4}
 f - 2 scrolls of vulnerability {unknown}
 g - a scroll of teleportation {unknown}
 h - 2 scrolls of butterflies {unknown}
 i - 3 scrolls of identify {unknown}
Potions
 b - 2 potions of haste {unknown}
 j - 2 potions of curing {unknown}


   Skills:
 + Level 2.7 Fighting
 * Level 3.3 Long Blades
 - Level 0.8 Throwing
 - Level 0.8 Armour
 - Level 1.7 Dodging
 - Level 1.7 Spellcasting
 - Level 3.0 Translocations


You had 5 spell levels left.
You didn't know any spells.
Your spell library contained the following spells:

 Spells                   Type           Power      Damage    Failure   Level
 Blink                    Tloc           16%        N/A       30%         2
 Lesser Beckoning         Tloc           16%        N/A       30%         2
 Teleport Other           Tloc           8%         N/A       52%         3
 Jinxbite                 Hex            2%         N/A       71%         2
 Manifold Assault         Tloc           8%         N/A       89%         4
 Vhi's Electric Charge    Tloc/Air       8%         N/A       98%         4
 Yara's Violent Unravell  Hex/Alch       0%         3d3       100%        5
 Enfeeble                 Hex            0%         N/A       100%        7


Dungeon Overview and Level Annotations

Branches:
Dungeon (2/15)

Altars:


Innate Abilities, Weirdness & Mutations

You can wield a second weapon in your off-hand.
It takes a long time for you to wield or remove held weapons.
Your first few attacks do less damage.
Your grasper-arms cannot wear rings.


Message History

The adder bites you but does no damage. The ribbon worm bites you.
You hit the adder.
The adder is lightly wounded.
The bat hits you. The adder bites you but does no damage.
The ribbon worm completely misses you.
You miss the adder.
The adder is lightly wounded.
The adder bites you.
You are poisoned.
The adder poisons you! The bat hits you but does no damage.
The adder bites you but does no damage. The ribbon worm bites you.
You barely miss the adder.
The adder is lightly wounded.
You feel sick. The bat hits you but does no damage. The adder bites you.
You closely miss the adder.
The adder is lightly wounded.
You feel sick. The bat hits you but does no damage.
The adder closely misses you. The ribbon worm barely misses you.
The adder closely misses you.
You hit the adder.
The adder is heavily wounded.
You feel sick.
You are no longer poisoned.
The bat hits you but does no damage. The adder misses you.
The ribbon worm bites you!
* * * LOW HITPOINT WARNING * * *
The adder bites you.
* * * LOW HITPOINT WARNING * * *
You hit the adder.
The adder is almost dead.
The bat hits you but does no damage. The ribbon worm barely misses you.
The adder bites you but does no damage.
You completely miss the adder.
The adder is almost dead.
The adder bites you.
* * * LOW HITPOINT WARNING * * *
The bat barely misses you. The ribbon worm barely misses you. The bat hits you.
* * * LOW HITPOINT WARNING * * *
The adder bites you.
You die...

#.# #.# #.# ### ## #.#
#.. .. #####.# #.# .#
#.....# #.# #.## #
#.#.### #.# ...#.#
###..>.#######.##w....##
+..............b@S......
##.#...#######.#.(....##
##.##.## #........#
#.#### ###.###### #.#
#.# #.# #.# #.# #.# ##.#
#.# ...#


You could see a ribbon worm, an adder and a bat.

Vanquished Creatures
  An adder (D:2)
  5 endoplasms
  2 giant cockroaches (D:1)
  4 goblins (D:1)
  2 hobgoblins (D:1)
  2 jackals (D:2)
  A quokka (D:1)
  5 ball pythons (D:1)
  2 bats (D:2)
  A frilled lizard (D:1)
  2 kobolds (D:1)
  2 rats (D:1)
29 creatures vanquished.

Notes
Turn   | Place    | Note
-------+----------+-------------------------------------------
     0 | D:1      | XTM the Coglin Warper began the quest for the Orb.
     0 | D:1      | Reached XP level 1. HP: 16/16 MP: 3/3
   104 | D:1      | Reached XP level 2. HP: 14/22 MP: 4/4
   416 | D:1      | Reached XP level 3. HP: 28/28 MP: 5/5
  1048 | D:2      | Slain by an adder

Illustrated notes

Levels and vault maps discovered:
D:1:      scummos_arrival_gate, layout_rooms, serial_bayou_pond_c
D:2:      layout_loops_corners

Skill      XL: |  1  2 |
---------------+-------+-----
Long Blades    | 3 |  3.3
Fighting       | |  2.7
Throwing       | |  0.8
Armour         | |  0.8
Dodging        | |  1.7
Spellcasting   | |  1.7
Translocations | |  3.0

Action                     || total
---------------------------++-------
  Melee: Falchion          ||   116
 Armour: Ring mail         ||   114
         Leather armour    ||     5
  Dodge: Dodged            ||    78
         Repelled          ||     1

Table legend: (Time is in decaauts)
 A = Elapsed time spent in this place.
 B = Non-inter-level travel time spent in this place.
 C = Inter-level travel time spent in this place.
 D = Time resting spent in this place.
 E = Time spent auto-exploring this place.
 F = Levels seen in this place.
 G = Mean time per level.
                   A        B        C        D        E       F      G
               +--------+--------+--------+--------+--------+-----+--------+
         Total |   1071 |   1039 |     32 |      0 |    782 |   2 |  535.5 |
       Dungeon |   1071 |   1039 |     32 |      0 |    782 |   2 |  535.5 |
               +--------+--------+--------+--------+--------+-----+--------+

Top non-repeatable levels by time:
     D:1: 638 daAuts
     D:2: 433 daAuts
